 Dungeon Crawl Stone Soup version 0.29-a0-323-g050149af67 (webtiles) character file.

Game seed: 13750490993435122572

1 spaghetti the Twirler (level 1, -1/16 HPs)
             Began as a Demonspawn Gladiator on Apr 10, 2022.
             Succumbed to a kobold's poison
             ... on level 1 of the Dungeon.
             The game lasted 00:00:18 (43 turns).

spaghetti the Twirler (Demonspawn Gladiator)          Turns: 43, Time: 00:00:19

Health: -1/16      AC:  4    Str: 14    XL:     1   Next: 16%
Magic:  1/1        EV: 12    Int:  9    God:
Gold:   0          SH:  0    Dex: 14    Spells: 0/0 levels left

rFire   . . .      SeeInvis .   a - +0 quarterstaff {staff}
rCold   . . .      Faith    .   (shield currently unavailable)
rNeg    . . .      Spirit   .   b - +0 leather armour
rPois   .          Reflect  .   c - +0 helmet
rElec   .          Harm     .   (no cloak)
rCorr   .          Rampage  .   (no gloves)
Will    .....                   (no boots)
Stlth   +.........              (no amulet)
HPRegen 0.05/turn               (no ring)
MPRegen 0.07/turn               (no ring)

@: lethally poisoned (-1 -> -19)
A: no striking features
a: no special abilities


You were on level 1 of the Dungeon.
You visited 1 branch of the dungeon, and saw 1 of its levels.


   Skills:
 - Level 2.0 Fighting
 + Level 2.8 Staves
 - Level 1.7 Throwing
 - Level 2.6 Dodging


You couldn't memorise any spells.
You didn't know any spells.
Your spell library was empty.

Inventory:

Hand Weapons
 a - a +0 quarterstaff (weapon) {staff}
Missiles
 d - 3 throwing nets (quivered) {=f!fthrowing}
 e - a javelin {throwing}
Armour
 b - a +0 leather armour (worn)
 c - a +0 helmet (worn)
Jewellery
 g - an amulet of magic regeneration {@e2}
   (You found it on level 1 of the Dungeon)

Dungeon Overview and Level Annotations

Branches:
Dungeon (1/15)

Altars:

......#### ........
#....$.## #.......##.
. #.......... ..
#......:# ...
#..rK..## # ....
#..@....# #.
..?..###.......#
.....................
....######.........#.
#...........^.##!..
####..###.###.# ..
#...##.###... ##
##.......####.###
#................


You could see a kobold and a rat.


Message History

🤖 Initializing magus.rc ...
Options error: Delay interrupt name "hungry" not recognised. (~/.crawlrc:4761) Options error: Bad monster_list_colour key: strict_neutral (~/.crawlrc:4776) ✅ Successfully initialized magus.rc [v1.9.6] Welcome, spaghetti the Demonspawn Gladiator.
It is said that the Orb of Zot exists deep within this dungeon.
Press ? for a list of commands and other information.
Found a whip.
Found a staircase leading out of the dungeon.
Setting a skill training target for Staves at 14.0.
Unknown command.
f - a red potion
g - an amulet of magic regeneration {@e2} A kobold comes into view.
It is wielding a +0 dagger.
Found a stone staircase leading down.
The kobold shouts!
A kobold is nearby!
A kobold comes into view.
It is wielding a +1 short sword of venom.
The kobold shouts!
The kobold hits you but does no damage.
You hit the kobold. The kobold closely misses you.
You sock the kobold!
You kill the kobold!
A rat comes into view.
The kobold hits you with a +1 short sword of venom.
You are poisoned.
You see here a +0 dagger {short}.
You are too injured to fight recklessly! 😕 HP[-2]
You take 2 damage, and now have 14/16 hp.
You closely miss the kobold.
You feel very sick.
The kobold hits you with a +1 short sword of venom.
* * * LOW HITPOINT WARNING * * *
😨 HP[-9]
You take 9 damage, and now have 5/16 hp.
MASSIVE DAMAGE!! (PAUSE) It was a potion of heal wounds.
You feel much better.
You feel sick.
The kobold hits you with a +1 short sword of venom. 😕 HP[+8]
You regained 8 hp, and now have 13/16 hp.
Unknown command.
You hit the kobold.
You feel sick. The kobold barely misses you. 😮 HP[-2]
You take 2 damage, and now have 11/16 hp.
You barely miss the kobold.
You feel sick.
The kobold hits you with a +1 short sword of venom.
* * * LOW HITPOINT WARNING * * *
You are lethally poisoned!
The kobold barely misses you. The rat barely misses you. 😨 HP[-3]
You take 3 damage, and now have 8/16 hp.
Unknown command.
You are lethally poisoned (8 -> -4).
Your movement speed is average.
Your attack delay is about 1.1.
You closely miss the kobold.
* * * LOW HITPOINT WARNING * * *
You feel very sick. The rat closely misses you.
The kobold hits you with a +1 short sword of venom.
* * * LOW HITPOINT WARNING * * *
You are more poisoned. 😱 HP[-5]
You take 5 damage, and now have 3/16 hp.
MASSIVE DAMAGE!! (PAUSE) Unknown command.
Unknown command.
You closely miss the kobold.
You die...

Action                   || total
-------------------------++-------
Melee: Quarterstaff      ||     7
  Use: Potion            ||     1
Armor: Leather armour    ||     1
Dodge: Dodged            ||     5

Levels and vault maps discovered:
D:1:      dpeg_arrival_boxes_within_box, layout_rooms,
          dreamdust_ecumenical_altar_sealed_demon

Notes
Turn   | Place    | Note
-------+----------+-------------------------------------------
     0 | D:1      | spaghetti the Demonspawn Gladiator began the quest for the
                  | Orb.
     0 | D:1      | Reached XP level 1. HP: 16/16 MP: 1/1
     0 | D:1      | magus.rc [v1.9.6]
    42 | D:1      | HP: 3/16 [kobold/+1 short sword of venom (2)]
    43 | D:1      | Succumbed to a kobold's poison

Vanquished Creatures
  A kobold (D:1)
1 creature vanquished.

Table legend:
 A = Non-vault XP
 B = Vault XP
 C = Vault XP percentage of total XP
 D = Non-vault monster count
 E = Vault monster count
 F = Vault count percentage of total count
                 A         B        C        D         E       F
            +---------+---------+-------+---------+---------+-------
      Total |       2 |       0 |   0.0 |       1 |       0 |   0.0
            +---------+---------+-------+---------+---------+-------
        D:1 |       2 |       0 |   0.0 |       1 |       0 |   0.0
            +---------+---------+-------+---------+---------+-------

Illustrated notes

Table legend:
 A = Kills in this place as a percentage of kills in entire the game.
 B = Kills by you in this place as a percentage of kills by you in the entire game.
 C = Kills by friends in this place as a percentage of kills by friends in the entire game.
 D = Other kills in this place as a percentage of other kills in the entire game.
 E = Experience gained in this place as a percentage of experience gained in the entire game.
 F = Experience gained in this place divided by the number of levels of this place that you have seen.
                   A       B       C       D       E      F
               +-------+-------+-------+-------+-------+----------------------
         Total | 100.0 | 100.0 |   N/A |   N/A | 100.0 |   2.0
       Dungeon | 100.0 | 100.0 |   N/A |   N/A | 100.0 |   2.0
               +-------+-------+-------+-------+-------+----------------------

Table legend: (Time is in decaauts)
 A = Elapsed time spent in this place.
 B = Non-inter-level travel time spent in this place.
 C = Inter-level travel time spent in this place.
 D = Time resting spent in this place.
 E = Time spent auto-exploring this place.
 F = Levels seen in this place.
 G = Mean time per level.
                   A        B        C        D        E       F      G
               +--------+--------+--------+--------+--------+-----+--------+
         Total |     44 |     44 |      0 |      0 |     29 |   1 |   44.0 |
       Dungeon |     44 |     44 |      0 |      0 |     29 |   1 |   44.0 |
               +--------+--------+--------+--------+--------+-----+--------+

Top non-repeatable levels by time:
     D:1: 44 daAuts
